 Dungeon Crawl Stone Soup version 0.19-a0-1886-gd64a0f0 (webtiles) character file.

2127 Amnesiac the Slicer (level 9, -1/56 HPs)
             Began as a Halfling Assassin on Oct 15, 2016.
             Was a Believer of Okawaru.
             Slain by a howler monkey zombie (5 damage)
             ... on level 7 of the Dungeon.
             The game lasted 00:13:04 (7331 turns).

Amnesiac the Slicer (Halfling Assassin)             Turns: 7331, Time: 00:13:05

Health: -1/56      AC:  9    Str: 12    XL:     9   Next: 54%
Magic:  9/9        EV: 20    Int: 14    God:    Okawaru [**....]
Gold:   379        SH:  0    Dex: 19    Spells: 0 memorised, 8 levels left

rFire  + . .     SeeInvis .     w - +2 dagger (venom)
rCold  . . .     Gourm    .     h - +2 leather armour {MR+}
rNeg   . . .     Faith    .     (shield restricted)
rPois  .         Spirit   .     (no helmet)
rElec  .         Dismiss  .     d - +1 cloak
rCorr  .         Reflect  .     x - +0 pair of gloves (curse)
MR     +....     Harm     .     t - +0 pair of boots
Stlth  +++....... Rnd*Tele +    (no amulet)
                                l - ring of protection from fire
                                i - ring of teleportation (curse)

@: brilliant, drained
A: mutation resistance 1
a: Heroism, Renounce Religion


You were on level 7 of the Dungeon.
You worshipped Okawaru.
Okawaru was pleased with you.
You were not hungry.

You visited 2 branches of the dungeon, and saw 8 of its levels.

You collected 379 gold pieces.

Inventory:

Hand Weapons
 e - a +1 blowgun
 w - a +2 dagger of venom (weapon)
Missiles
 a - 14 poisoned needles
 o - 6 needles of sleeping
Armour
 d - a +1 cloak (worn)
 h - a +2 leather armour of magic resistance (worn)
 t - a +0 pair of boots (worn)
 x - a cursed +0 pair of gloves (worn)
Jewellery
 i - a cursed ring of teleportation (left hand)
 l - a ring of protection from fire (right hand)
Wands
 v - a wand of polymorph (13/24)
 z - a wand of paralysis (7/24)
Scrolls
 j - a scroll of recharging
 m - 4 scrolls of teleportation
 y - a scroll of enchant weapon
Potions
 b - a potion of brilliance
 c - a potion of invisibility {unknown}
 f - 2 potions of heal wounds {unknown}
 k - a potion of curing {unknown}
 p - a potion of magic {unknown}
 u - a potion of cure mutation {unknown}
 A - a potion of agility {unknown}
Books
 q - a book of Geomancy

   Spells                             Type                      Level
   a - Sandblast                      Earth                        1
   b - Passwall                       Transmutation/Earth          2
   c - Stone Arrow                    Conjuration/Earth            3
   d - Petrify                        Transmutation/Earth          4
   e - Lee's Rapid Deconstruction     Earth                        5
Comestibles
 g - 5 bread rations
 n - 2 beef jerkies
 r - a slice of pizza
 s - 3 meat rations


   Skills:
 - Level 3.0(2.9) Fighting
 - Level 10.0(9.9) Short Blades
 - Level 4.0 Throwing
 + Level 7.3 Dodging
 - Level 6.0(5.9) Stealth


You had 8 spell levels left.
You didn't know any spells.

Dungeon Overview and Level Annotations

Branches:
Dungeon (7/15)             Temple (1/1) D:4

Altars:
Cheibriados
Dithmenos
Elyvilon
Fedhas
Gozag
Hepliaklqana
Kikubaaqudgha
Makhleb
Nemelex Xobeh
Okawaru
Qazlal
Ru
Sif Muna
Trog
Uskayaw
Vehumet
Xom
Yredelemnul
Zin
The Shining One


Innate Abilities, Weirdness & Mutations

You are small and have problems with some larger weapons.
You are somewhat resistant to further mutation.


Message History

Okawaru accepts your kill. The centaur skeleton hits you.
* * * LOW HITPOINT WARNING * * *
Found a stone staircase leading down.
It was a potion of brilliance.
You feel clever all of a sudden.
The centaur skeleton completely misses you.
As you read the scroll of teleportation, it crumbles to dust.
You feel strangely unstable.
The centaur skeleton hits you but does no damage.
The centaur skeleton hits you.
* * * LOW HITPOINT WARNING * * *
All of the chunks of flesh in your inventory have rotted away.
Your surroundings suddenly seem different.
Found a paperback book and a scroll of recharging.
A howler monkey zombie comes into view.
You see here a book of Geomancy.
q - a book of Geomancy The howler monkey zombie hits you.
You die...

##......#.....# ...
#..(..#..... #.###$#
###. #. ?..# .Y #..[
# ..### #.###.#
......#.....#
#.....# #.###@#
#....Z# .....#...
.... #.### ... #.
#...#....z.z. .. ..
...)........ #
..(.#.###..........?
....#...............
......#............


You could see a howler monkey zombie.

Vanquished Creatures
  Grinder (D:6)
  Sigmund (D:6)
  Duvessa (D:6)
  4 ogres
  2 centaurs
  Blork the orc (D:4)
  A gnoll sergeant (D:6)
  Dowan (D:6)
  3 wights (D:7)
  2 howler monkeys (D:6)
  A crimson imp (D:6)
  A jelly (D:6)
  2 orc priests (D:3)
  A bullfrog skeleton (D:4)
  A hound (D:7)
  6 orc wizards
  A centaur skeleton (D:4)
  2 iguanas
  Ijyb (D:2)
  A worker ant (D:4)
  9 adders
  9 gnolls
  A shadow imp (D:5)
  2 oozes
  An adder zombie (D:6)
  3 worms
  2 dart slugs (D:2)
  4 leopard geckos
  14 orcs
  5 giant cockroaches
  5 goblins
  12 hobgoblins
  10 jackals
  3 kobolds
  4 quokkas
  2 ball pythons
  10 bats
  3 frilled lizards
  A jackal skeleton (D:4)
  A leopard gecko skeleton (D:4)
  A quokka skeleton (D:3)
  27 rats
163 creatures vanquished.

Notes
Turn   | Place    | Note
-------+----------+-------------------------------------------
     0 | D:1      | Amnesiac the Halfling Assassin began the quest for the Orb.
     0 | D:1      | Reached XP level 1. HP: 14/14 MP: 1/1
    33 | D:3      | Noticed Ijyb
    56 | D:2      | Killed Ijyb
    56 | D:2      | Reached skill level 3 in Short Blades
    56 | D:2      | Reached XP level 2. HP: 12/19 MP: 2/2
    56 | D:2      | Reached XP level 3. HP: 15/24 MP: 3/3
   403 | D:3      | Reached XP level 4. HP: 23/29 MP: 4/4
   650 | D:4      | Reached skill level 5 in Stealth
  1037 | D:4      | Noticed Blork the orc
  1070 | D:4      | Noticed an ogre
  1095 | D:4      | Reached XP level 5. HP: 10/34 MP: 5/5
  1110 | D:4      | Killed an ogre
  1110 | D:4      | Reached skill level 4 in Short Blades
  1374 | D:4      | Killed Blork the orc
  1374 | D:4      | Reached XP level 6. HP: 17/41 MP: 6/6
  1648 | D:4      | Found a staircase to the Ecumenical Temple.
  1655 | Temple   | Entered the Ecumenical Temple
  1662 | Temple   | Became a worshipper of Warmaster Okawaru
  1762 | D:4      | Reached skill level 5 in Short Blades
  1762 | D:4      | Reached XP level 7. HP: 46/46 MP: 7/7
  2009 | D:2      | Found a radiant altar of Vehumet.
  3277 | D:2      | Found a glowing silver altar of Zin.
  3278 | D:2      | Found a hide-covered altar of Uskayaw.
  4075 | D:3      | Reached skill level 6 in Short Blades
  4501 | D:4      | Reached * piety under Okawaru
  4901 | D:4      | Reached XP level 8. HP: 52/52 MP: 8/8
  4930 | D:4      | Reached skill level 7 in Short Blades
  5384 | D:5      | Entered Level 5 of the Dungeon
  5633 | D:5      | Reached skill level 8 in Short Blades
  6156 | D:6      | Found an opulent altar of Gozag.
  6160 | D:6      | Noticed Sigmund
  6181 | D:6      | Killed Sigmund
  6181 | D:6      | Reached skill level 9 in Short Blades
  6258 | D:6      | Found a sacrificial altar of Ru.
  6316 | D:6      | Reached ** piety under Okawaru
  6327 | D:6      | Reached XP level 9. HP: 31/56 MP: 9/9
  6375 | D:6      | Reached skill level 10 in Short Blades
  6569 | D:6      | Noticed Duvessa
  6570 | D:6      | Noticed Dowan
  6591 | D:6      | Killed Duvessa
  6592 | D:6      | Killed Dowan
  6816 | D:6      | Noticed Grinder
  6854 | D:6      | Reached skill level 5 in Dodging
  6869 | D:6      | Killed Grinder
  6931 | D:6      | Found an ancient bone altar of Kikubaaqudgha.
  7331 | D:7      | Slain by a howler monkey zombie

Vault maps used:
D:1:      lemuel_arrival_hallway, serial_bayou_pond_e, minmay_misc_feat_roman,
          minmay_misc_feat_tiny
D:2:      overflow_temple_1_default, gammafunk_temple_overflow_pools
D:3:      st_stairs_13, roderic_hopi_sauvastika, kennysheep_big_empty_room,
          minmay_rat_hole, uniq_iyjb
D:4:      uniq_blork_the_orc
D:5:      first_bread
D:6:      nicolae_gozag_seed_capital, lemuel_round_altar,
          hangedman_abyss_or_decor_lesser_grid, nicolae_ru_awakened_eye,
          uniq_grinder, uniq_sigmund, uniq_duvessa
D:7:      hangedman_cross_stitches, serial_shops, shop,
          lightli_bailey_entry_fortress
Temple:   nicolae_temple_no_exploring_needed

Skill      XL: |  1  2  3  4  5  6  7  8  9 |
---------------+----------------------------+-----
Fighting       | 2 3 |  3.0
Short Blades   | 3 4 5 6 9 10 | 10.0
Stealth        | 5 6 |  6.0
Throwing       | 3 4 |  4.0
Dodging        | 2 3 7 |  7.3

Action                   |  1- 3 |  4- 6 |  7- 9 || total
-------------------------+-------+-------+-------++-------
Melee: Dagger            |    32 |    63 |   573 ||   668
 Fire: Blowgun           |    17 |    18 |    57 ||    92
Evoke: Wand              |       |       |     1 ||     1
  Use: Scroll            |       |       |     8 ||     8
       Potion            |       |       |     1 ||     1
 Stab: Sleeping          |     1 |     6 |    16 ||    23
       Distracted        |       |     1 |     2 ||     3
  Eat: Chunk             |       |     3 |    17 ||    20
Armor: Robe              |     8 |     5 |     9 ||    22
       Leather armour    |       |       |    83 ||    83
Dodge: Dodged            |    21 |    25 |   332 ||   378
